 Dungeon Crawl Stone Soup version 0.21-a0-496-g696f58f (webtiles) character file.

186 vineage the Cudgeler (level 5, -3/32 HPs)
             Began as a Gargoyle Fighter on Nov 23, 2017.
             Killed from afar by an orc wizard (5 damage)
             ... with a puff of frost
             ... on level 3 of the Dungeon.
             The game lasted 00:04:02 (2087 turns).

vineage the Cudgeler (Gargoyle Fighter)             Turns: 2087, Time: 00:04:03

Health: -3/32      AC: 12    Str: 25    XL:     5   Next: 66%
Magic:  5/5        EV:  7    Int:  9    God:
Gold:   158        SH:  9    Dex:  9    Spells: 4/4 levels left

rFire    . . .     SeeInvis .   a - +0 flail
rCold    . . .     Gourm    .   c - +0 shield
rNeg     + . .     Faith    .   b - +0 scale mail
rPois    ∞         Spirit   .   (no helmet)
rElec    +         Reflect  .   (no cloak)
rCorr    .         Harm     .   h - +0 pair of gloves
MR       .....                  (no boots)
Stlth    ..........             (no amulet)
HPRegen  0.10/turn              (no ring)
MPRegen  0.09/turn              (no ring)

@: mighty
A: negative energy resistance 1, electricity resistance, unbreathing,
petrification resistance, rot immunity, AC +4
a: no special abilities


You were on level 3 of the Dungeon.
You were hungry.

You visited 1 branch of the dungeon, and saw 3 of its levels.

You collected 158 gold pieces.

Inventory:

Hand Weapons
 a - a +0 flail (weapon)
Armour
 b - a +0 scale mail (worn)
 c - a +0 shield (worn)
 h - a +0 pair of gloves (worn)
Scrolls
 i - 3 scrolls of remove curse
Potions
 e - 4 potions of curing
 j - 2 potions of berserk rage {unknown}
 l - 2 potions of degeneration {unknown}
 m - a potion of flight {unknown}
 o - 2 potions of agility {unknown}
 p - a potion of lignification {unknown}
Comestibles
 f - 2 bread rations
 k - 2 meat rations
 n - 6 fruits


   Skills:
 - Level 3.2 Fighting
 * Level 5.7 Maces & Flails
 - Level 3.2 Armour
 - Level 3.2 Shields


You had 4 spell levels left.
You didn't know any spells.

Dungeon Overview and Level Annotations

Branches:
Dungeon (3/15)

Altars:
Yredelemnul


Innate Abilities, Weirdness & Mutations

You are resistant to torment.
Your stone body is resilient. (AC +4)
You are immune to poison.
You resist negative energy. (rN+)
You are resistant to electric shocks. (rElec)
You can survive without breathing.
You are immune to petrification.
You are immune to rotting.


Message History

You closely miss something. Something hits you but does no damage.
You block the adder's attack. Something hits you but does no damage.
You hit something. You block the adder's attack.
Something hits you but does no damage. The adder bites you but does no damage.
The orc priest begins to cast a cantrip, but forgets the words!
Something hits you but does no damage.
You closely miss something. The adder barely misses you.
Something hits you but does no damage. The adder bites you but does no damage.
Something hits you but does no damage.
You closely miss something. You block the adder's attack.
You block something's attack.
Your shield prevents you from hitting something.
You block something's attack. You block the adder's attack.
The orc priest mumbles some strange prayers to Beogh against you.
Beogh smites you!
* * * LOW HITPOINT WARNING * * *
You hear some strange, mumbled words.
A puff of frost appears from out of thin air!
The puff of frost hits you!
You die...

*#.*#####..###
#.*#.......#
#.##.......#
#..#.......# ##
*#.#.......# .#
#.........# **** .#
#.##+##..## *,,, .#
#..#,*#..#** **,**
.#########
#.@#,,.....* *,,,,
.........#
#.S{o..(.#.# *,,**
#........#
###o###.##.# *,,,,
#........#
*.#**,**,* *,***
#....<...#
*..**+**+****,***
#........#
*#!#,,,,,,,,,,*,,
.........#
*****.#,,,,,,,****,*
##.#######
*,,,,..,,,,,,,* *,*
#.# *,,,,,,*+******
*,*


You could see an orc priest, an adder and an orc.

Vanquished Creatures
  A centaur (D:2)
  2 adders (D:2)
  An ooze (D:3)
  2 worms (D:2)
  A dart slug (D:1)
  2 leopard geckos (D:2)
  An orc (D:3)
  3 giant cockroaches
  7 goblins
  9 hobgoblins
  11 jackals (D:1)
  6 kobolds
  A quokka (D:2)
  A ball python (D:1)
  11 bats
  4 frilled lizards
  A jackal zombie (D:3)
  9 rats
73 creatures vanquished.

Vanquished Creatures (others)
  3 orcs (D:3)
  3 jackals (D:3)
  2 rats (D:3)
8 creatures vanquished.

Grand Total: 81 creatures vanquished

Notes
Turn   | Place    | Note
-------+----------+-------------------------------------------
     0 | D:1      | vineage the Gargoyle Fighter began the quest for the Orb.
     0 | D:1      | Reached XP level 1. HP: 14/14 MP: 1/1
    50 | D:1      | Reached XP level 2. HP: 15/19 MP: 2/2
   178 | D:1      | Reached skill level 3 in Maces & Flails
   374 | D:1      | Reached XP level 3. HP: 19/23 MP: 3/3
   615 | D:1      | Reached skill level 4 in Maces & Flails
   991 | D:2      | Reached XP level 4. HP: 25/28 MP: 4/4
  1241 | D:2      | Noticed a centaur
  1250 | D:2      | Killed a centaur
  1250 | D:2      | Reached skill level 5 in Maces & Flails
  1250 | D:2      | Reached XP level 5. HP: 32/32 MP: 5/5
  1906 | D:3      | Found a runed door.
  1906 | D:3      | Noticed a human
  1922 | D:3      | Found a basalt altar of Yredelemnul.
  2087 | D:3      | Killed from afar by an orc wizard

Vault maps used:
D:1:      scummos_arrival_hexagon, hangedman_decor_growths, minmay_vboxes
D:2:      serial_bayou_pond_b, minmay_parallelograms
D:3:      dk_yredelemnul_ordeal, uniq_ijyb

Skill      XL: |  1  2  3  4 |
---------------+-------------+-----
Maces & Flails | 3 4 5 |  5.7
Fighting       | |  3.2
Armour         | |  3.2
Shields        | |  3.2

Action                   |  1- 3 |  4- 6 || total
-------------------------+-------+-------++-------
Melee: Flail             |   202 |   125 ||   327
  Use: Scroll            |       |     4 ||     4
       Potion            |       |     3 ||     3
  Eat: Chunk             |       |     4 ||     4
Armor: Scale mail        |   140 |    88 ||   228
Dodge: Dodged            |    76 |    43 ||   119
Block: Shield            |   125 |    72 ||   197

Table legend:
 A = Spawn XP
 B = Non-spawn XP
 C = Spawn XP percentage of total XP
 D = Spawn monster count
 E = Non-spawn monster count
 F = Spawn count percentage of total count
 G = Total turns spent on level
                    A         B        C        D         E        F      G
               +---------+---------+-------+---------+---------+-------+---------
         Total |       0 |     267 |   0.0 |       0 |      73 |   0.0 |  2087
               +---------+---------+-------+---------+---------+-------+---------
           D:1 |       0 |      77 |   0.0 |       0 |      44 |   0.0 |   933
           D:2 |       0 |     174 |   0.0 |       0 |      22 |   0.0 |   901
           D:3 |       0 |      16 |   0.0 |       0 |       7 |   0.0 |   253
               +---------+---------+-------+---------+---------+-------+---------
